AoeStats
← Simon Stokvis

Arena

505268556Analyzed
4v4 RM · 24d ago on Sep 8, 2026· 53m 34s· 8 players
Game mode
Random Map
Map size
Large (8 player)
Population
200
Speed
Normal
Resources
Standard
Victory
Conquest
Starting age
Dark Age
Ending age
Imperial Age
RankedLock teamsTeams togetherTeam positionsShared explorationLock speedFull tech treeHidden civsTurbo modeCheats
Victory
Defeat
🇳🇱 Khmer · Netherlands
1503
+12
🇹🇼 Franks · Taiwan
1483
+13
🇲🇽 Celts · Mexico
1465
+14
🇨🇦 Slavs · Canada
1435
+14
🇦🇷 Spanish · Argentina
1460
-15
🇲🇴 Cumans · Macao SAR China
1410
-13
🇪🇸 Khmer · Spain
1405
-13
🇦🇷 Teutons · Argentina
1373
-12
SimoniacJewel88
9:41 Feudal Age
14:57 Castle Age
13:00 Double-Bit Axe
14:04 Horse Collar
16:24 Bow Saw
22:38 Wheelbarrow
21:52 Town Watch
23:22 Heavy Plow
26:55 Gold Mining
26:56 Stone Mining
27:35 Hand Cart
29:47 Gold Shaft Mining
29:48 Stone Shaft Mining
29:38 Caravan
30:09 Coinage
29:42 Scale Mail Armor
29:52 Forging
32:19 Imperial Age
29:31 Pikeman
29:56 Arson
30:42 Chain Mail Armor
32:57 Iron Casting
32:29 Halberdier
33:41 Plate Mail Armor
34:30 Conscription
35:09 Capped Ram
36:56 Blast Furnace
36:41 Siege Ram
37:03 Heavy Scorpion
38:17 Siege Engineers
41:53 Ballistics
42:13 Conscription
44:11 Furor Celtica
44:23 Caravan
45:39 Chemistry
45:33 Banking
51:49 Masonry
51:20 Treadmill Crane
52:07 Town Patrol
51:52 Loom
AlzzStriker
4:17 Loom
11:10 Feudal Age
14:41 Castle Age
12:31 Horse Collar
12:40 Double-Bit Axe
13:15 Horse Collar
19:32 Heavy Plow
20:06 Stone Mining
20:57 Bow Saw
22:39 Wheelbarrow
22:32 Gold Mining
23:07 Loom
23:52 Hand Cart
24:30 Scale Barding Armor
24:20 Pikeman
26:00 Fletching
35:34 Scale Mail Armor
35:45 Forging
42:50 Imperial Age
43:49 Chain Mail Armor
44:09 Iron Casting
44:49 Crop Rotation
45:21 Two-Man Saw
45:28 Caravan
44:58 Man-at-Arms
45:38 Squires
45:56 Druzhina
45:56 Long Swordsman
47:13 Conscription
47:13 Detinets
46:41 Two-Handed Swordsman
47:53 Plate Mail Armor
48:16 Champion
51:06 Blast Furnace
51:13 Gold Shaft Mining
50:51 Town Watch
51:29 Chain Barding Armor
50:41 Heavy Scorpion
51:06 Elite Boyar
52:23 Hoardings
52:11 Ballistics
52:02 Masonry
53:51 Bodkin Arrow
54:00 Town Patrol
Simon Stokvis
9:37 Feudal Age
10:28 Loom
11:28 Fletching
29:52 Castle Age
28:15 Double-Bit Axe
34:31 Town Watch
35:22 Wheelbarrow
35:35 Gold Mining
40:47 Imperial Age
41:29 Double Crossbow
41:50 Conscription
41:03 Heavy Scorpion
43:22 Chemistry
42:39 Capped Ram
45:11 Ballistics
45:00 Siege Engineers
44:53 Siege Ram
53:38 Ballistics
Miru
11:34 Feudal Age
15:18 Castle Age
13:25 Double-Bit Axe
15:40 Wheelbarrow
16:14 Bow Saw
21:16 Pikeman
23:09 Squires
27:50 Gold Mining
29:09 Scale Mail Armor
29:19 Forging
31:40 Imperial Age
30:09 Husbandry
30:15 Scale Barding Armor
31:53 Iron Casting
31:54 Gold Shaft Mining
32:27 Chain Barding Armor
32:04 Cavalier
34:21 Plate Barding Armor
35:00 Conscription
35:41 Blast Furnace
35:42 Paladin
38:35 Gambesons
38:36 Arson
39:12 Chain Mail Armor
39:12 Halberdier
42:48 Plate Mail Armor
48:21 Chemistry
50:12 Ballistics
49:44 Fletching
51:20 Caravan
52:27 Bodkin Arrow
不講醫德
7:15 Loom
9:27 Feudal Age
15:09 Fletching
18:50 Double-Bit Axe
20:13 Horse Collar
24:22 Castle Age
23:00 Stone Mining
26:53 Bodkin Arrow
29:20 Gold Mining
29:45 Bow Saw
29:38 Heavy Plow
31:37 Wheelbarrow
36:06 Imperial Age
34:42 Scale Barding Armor
34:47 Forging
35:18 Town Watch
35:49 Hand Cart
36:43 Bloodlines
36:57 Chain Barding Armor
37:13 Conscription
36:38 Cavalier
39:39 Plate Barding Armor
41:31 Iron Casting
42:02 Squires
41:48 Gambesons
41:48 Arson
41:24 Pikeman
43:14 Scale Mail Armor
45:01 Chain Mail Armor
44:11 Halberdier
44:33 Onager
45:58 Crop Rotation
46:30 Two-Man Saw
pauito79_ator
11:03 Feudal Age
15:00 Castle Age
13:42 Double-Bit Axe
14:32 Bloodlines
15:07 Horse Collar
16:53 Husbandry
16:51 Loom
18:49 Scale Barding Armor
25:20 Bow Saw
27:00 Heavy Plow
27:32 Forging
29:27 Wheelbarrow
28:38 Town Watch
29:23 Town Patrol
31:51 Hand Cart
34:21 Imperial Age
33:15 Light Cavalry
34:01 Fletching
34:35 Stone Mining
34:40 Gold Mining
34:27 Cavalier
34:29 Hussar
35:39 Bodkin Arrow
36:19 Chain Barding Armor
37:36 Iron Casting
38:46 Plate Barding Armor
38:59 Crop Rotation
38:32 Bracer
40:16 Conscription
39:19 Elite Ballista Elephant
40:54 Padded Archer Armor
41:36 Gold Shaft Mining
41:38 Stone Shaft Mining
42:16 Double Crossbow
43:22 Chemistry
44:14 Ballistics
44:22 Leather Archer Armor
45:09 Blast Furnace
50:29 Ring Archer Armor
HOU
9:40 Feudal Age
10:08 Double-Bit Axe
10:03 Horse Collar
18:14 Loom
21:38 Castle Age
20:11 Gold Mining
20:31 Scale Barding Armor
21:31 Forging
22:38 Heavy Plow
22:49 Bow Saw
23:00 Chain Barding Armor
23:03 Bloodlines
23:32 Capped Ram
30:05 Wheelbarrow
39:30 Stone Mining
47:39 Gold Shaft Mining
47:37 Pikeman
48:18 Squires
48:20 Scale Mail Armor
48:56 Iron Casting
48:11 Fletching
50:54 Steppe Husbandry
不講武德
10:44 Feudal Age
12:24 Loom
16:29 Castle Age
14:50 Horse Collar
15:23 Double-Bit Axe
18:20 Padded Archer Armor
23:46 Wheelbarrow
25:23 Bloodlines
26:21 Leather Archer Armor
27:04 Hand Cart
27:01 Bow Saw
27:35 Stone Mining
27:36 Gold Mining
28:10 Heavy Plow
29:10 Town Watch
32:16 Imperial Age
29:48 Scale Mail Armor
31:19 Fletching
33:37 Ring Archer Armor
34:09 Chemistry
33:30 Ballistics
33:39 Conscription
33:52 Squires
33:46 Elite Conquistador
34:43 Elite Skirmisher
35:31 Bodkin Arrow
36:56 Stone Shaft Mining
36:23 Bracer
38:46 Masonry
38:50 Forging
38:55 Chain Mail Armor
38:22 Man-at-Arms
38:47 Gambesons
38:48 Arson
39:17 Long Swordsman
40:21 Two-Handed Swordsman
42:31 Architecture
41:56 Murder Holes
43:09 Coinage
43:33 Plate Mail Armor
43:39 Iron Casting
43:33 Champion
44:42 Scale Barding Armor
45:47 Banking
46:22 Two-Man Saw
46:48 Guard Tower
47:12 Husbandry
46:33 Light Cavalry
48:16 Chain Barding Armor
48:57 Blast Furnace
49:11 Keep
48:49 Fortified Wall
50:24 Plate Barding Armor
49:28 Hussar
Connection lost

Rejoining the realm…

Still unreachable

The connection could not be restored.

Session expired

The server has moved on; the page needs a fresh start.